 Dungeon Crawl Stone Soup version 0.28.0 (webtiles) character file.

Game seed: 9685893849717328209

8978 xSliceyx the Fighter (level 11, 0/90 HPs)
             Began as a Demonspawn Fighter on Feb 5, 2022.
             Was a Priest of Hepliaklqana.
             Slain by Snorg (4 damage)
             ... on level 10 of the Dungeon.
             The game lasted 00:59:13 (13205 turns).

xSliceyx the Fighter (Demonspawn Fighter)          Turns: 13205, Time: 00:59:14

Health: 0/90       AC: 14    Str: 20    XL:     11   Next: 17%
Magic:  0/20       EV:  7    Int: 10    God:    Hepliaklqana [***...]
Gold:   70         SH:  9    Dex: 17    Spells: 10/10 levels left

rFire   . . .      SeeInvis +   o - +7 rapier of the Brain {vorpal, rN++ rCorr MP+9 Stlth-}
rCold   . . .      Faith    .   c - +0 buckler
rNeg    + + .      Spirit   +   A - +0 chain mail
rPois   .          Reflect  .   D - +2 helmet
rElec   .          Harm     .   j - scarf {shadows}
rCorr   +          Rampage  .   (no gloves)
Will    .....                   (no boots)
Stlth   ..........              q - amulet of guardian spirit
HPRegen 0.25/turn               u - ring of see invisible
MPRegen 0.17/turn               (no ring)

@: mighty, studying Armour
A: reduced essence, hooves 2, thin skeletal structure 2, demonic guardian 1,
condensation shield
a: Renounce Religion, Recall Ancestor, Ancestor Identity, Transference


You were on level 10 of the Dungeon.
You worshipped Hepliaklqana.
Hepliaklqana was most pleased with you.
You visited 1 branch of the dungeon, and saw 10 of its levels.
You also visited: Bailey.

You collected 604 gold pieces.
You spent 534 gold pieces at shops.

Inventory:

Hand Weapons
 a - a +0 spear
 o - the +7 rapier of the Brain (weapon) {vorpal, rN++ rCorr MP+9 Stlth-}
   (You found it on level 4 of the Dungeon)

   It inflicts extra damage upon your enemies.
   rN:        It greatly protects you from negative energy.
   MP:        It affects your magic capacity (+9).
   rCorr:     It protects you from acid and corrosion.
   Stlth:     It makes you less stealthy.
Missiles
 f - 30 poisoned darts (quivered)
Armour
 c - a +0 buckler (worn)
 j - a scarf of shadows (worn)
 A - a +0 chain mail (worn)
 D - a +2 helmet (worn)
 J - an orb of light
Jewellery
 p - a ring of flight
 q - an amulet of guardian spirit (around neck)
 u - a ring of see invisible (left hand)
 I - a +6 ring of intelligence
Wands
 w - a wand of flame (5)
 y - a wand of paralysis (9)
 z - a wand of polymorph (10)
 F - a wand of mindburst (7)
Scrolls
 b - 4 scrolls of enchant weapon
 g - 3 scrolls of enchant armour {unknown}
 l - 2 scrolls of brand weapon
 m - a scroll of fear
 n - 2 scrolls of blinking
 r - a scroll of summoning
 s - a scroll of fog
 t - a scroll of magic mapping
 E - 2 scrolls of teleportation
 G - 3 scrolls of identify
Potions
 e - 2 potions of cancellation
 h - a potion of invisibility {unknown}
 i - 3 potions of curing
 k - a potion of degeneration {unknown}
 x - a potion of mutation {unknown}
 B - a potion of haste {unknown}
 C - a potion of berserk rage {unknown}
 H - 2 potions of flight {unknown}


   Skills:
 + Level 14.4 Fighting
 - Level 5.0 Long Blades
 - Level 8.0 Armour
 - Level 4.0 Shields


You had 10 spell levels left.
You didn't know any spells.
Your spell library contained the following spells:

 Spells                   Type           Power      Damage    Failure   Level
 Magic Dart               Conj           0%         1d3       98%         1
 Shock                    Conj/Air       0%         1d3       98%         1
 Sting                    Tmut/Pois      0%         1d3       98%         1
 Summon Small Mammal      Summ           0%         N/A       98%         1
 Poisonous Vapours        Pois/Air       0%         N/A       99%         2
 Searing Ray              Conj           0%         2d4       99%         2
 Sublimation of Blood     Necr           0%         N/A       99%         2
 Call Canine Familiar     Summ           0%         N/A       100%        3
 Summon Guardian Golem    Hex/Summ       0%         N/A       100%        3
 Swiftness                Air            0%         N/A       100%        3
 Airstrike                Air            0%         N/A       100%        4
 Fulminant Prism          Conj/Hex       0%         3d6       100%        4
 Hailstorm                Conj/Ice       0%         3d3       100%        4
 Ice Form                 Ice/Tmut       0%         N/A       100%        4
 Olgreb's Toxic Radiance  Pois           0%         N/A       100%        4
 Petrify                  Tmut/Erth      0%         N/A       100%        4
 Alistair's Intoxication  Tmut/Pois      0%         N/A       100%        5
 Irradiate                Conj/Tmut      0%         3d13      100%        5
 Summon Forest            Summ/Tloc      0%         N/A       100%        5
 Eringya's Noxious Bog    Tmut/Pois      0%         N/A       100%        6
 Simulacrum               Ice/Necr       0%         N/A       100%        6
 Summon Hydra             Summ           0%         N/A       100%        7


Dungeon Overview and Level Annotations

Branches:
Dungeon (10/15)            Temple (0/1) D:5            Lair (0/6) D:10
    Orc (0/2) D:9          Bailey (visited)

Altars:
Dithmenos
Fedhas
Gozag
Hepliaklqana
Kikubaaqudgha
Makhleb
Nemelex Xobeh
Ru
Trog
Uskayaw
Zin
Beogh

Shops:
D:5 [   D:8 ?**((

Annotations:
D:10 Snorg


Innate Abilities, Weirdness & Mutations

Your life essence is reduced to manifest your ancestor. (-10% HP)
You have hoof-like feet.
You have a moderately thin skeletal structure. (Dex +4, Stealth++)
A weak demonic guardian rushes to your aid.
A meltable shield of frost defends you. (SH +4)


Message History

Snorg bites you! You block Snorg's attack. Snorg claws you.
You puncture Snorg! You kick Snorg!
Snorg is heavily wounded.
Snorg bites you! You block Snorg's attack. Snorg claws you!
Clair barely misses Snorg.
You puncture Snorg!
Snorg is heavily wounded.
Snorg bites you! Snorg claws you. Snorg claws you but does no damage.
Clair hits Snorg with a +0 dagger of draining!
Clair drains Snorg.
Snorg bites Clair!!
Snorg claws Clair.
Snorg claws Clair!
Clair is destroyed!
Snorg shouts!
You puncture Snorg!
Snorg is severely wounded.
Snorg closely misses you. You block Snorg's attack.
Snorg claws you but does no damage.
You hit Snorg.
Snorg is severely wounded.
Snorg bites you!! Snorg claws you but does no damage. Snorg claws you.
You block Snorg's attack. Snorg claws you!
* * * LOW HITPOINT WARNING * * *
You block Snorg's attack.
You feel very mighty all of a sudden. Snorg bites you but does no damage.
Snorg claws you.
* * * LOW HITPOINT WARNING * * *
Snorg completely misses you.
You impale Snorg!! Your kick misses Snorg.
Snorg is almost dead.
Snorg bites you!
* * * LOW HITPOINT WARNING * * *
A demonic guardian appears!
Snorg claws you.
* * * LOW HITPOINT WARNING * * *
Snorg claws you!
* * * LOW HITPOINT WARNING * * *
Snorg bites you but does no damage. Snorg barely misses you.
Snorg claws you but does no damage.
You barely miss Snorg. You kick Snorg!
Snorg is almost dead.
Snorg bites you.
You die...

############
#############.......P..♣#########
#..................≈≈...♣..(.....
#..........###P...♣≈♣♣≈..♣.######
##########.# ##..(≈≈≈≈♣.....# #.#
#P..≈≈≈≈≈.≈...#
#.#####T♣.≈≈♣≈≈♣...#
#......@♣..≈≈♣.♣..##
####....5♣...♣....#
#####...###...## #...# #...#
#...# #...# #...# #...# #..)#
#...# #...# #...# .....


You could see Snorg (berserk, drained, ally target) and a friendly shadow imp
(summoned).

Vanquished Creatures
  A two-headed ogre (D:6)
  Grinder (D:5)
  A hornet (D:9)
  2 slime creatures (D:10)
  7 yaks
  Eustachio (D:4)
  A water moccasin (D:8)
  A black bear (D:8)
  2 ice beasts (D:6)
  12 orc warriors
  2 necrophages
  6 centaurs
  2 kobold brigands
  2 bullfrogs
  2 scorpions
  4 killer bees (D:10)
  3 wights (D:7)
  7 howler monkeys
  2 centaur zombies
  2 electric eels (D:10)
  2 lava snakes (D:8)
  A bullfrog zombie (D:5)
  A gnoll shaman (D:6)
  6 orc priests
  3 centaur skeletons
  2 hounds
  3 bullfrog skeletons
  4 iguanas
  2 orc wizards
  A killer bee zombie (D:8)
  A howler monkey zombie (D:8)
  7 gnolls
  A howler monkey skeleton (D:4)
  6 adders
  A white imp (D:6)
  2 ufetubi
  A dart slug (D:2)
  56 orcs
  4 bats
  11 endoplasms
  3 giant cockroaches
  10 goblins
  5 hobgoblins
  9 jackals
  3 quokkas
  9 ball pythons
  3 frilled lizards
  20 kobolds
  3 rats
241 creatures vanquished.

Vanquished Creatures (collateral kills)
  A kobold demonologist (D:10)
  A slime creature (D:10)
  A yak (D:8)
  2 orc warriors
  An ogre (D:7)
  A phantom (D:6)
  A kobold brigand (D:8)
  7 centaurs
  2 bullfrogs
  A gnoll sergeant (D:5)
  A water moccasin zombie (D:5)
  A wyvern skeleton (D:7)
  A wyvern zombie (D:6)
  An electric eel (D:10)
  A centaur zombie (D:7)
  A hound (D:5)
  A centaur skeleton (D:7)
  4 orc priests
  A gnoll (D:6)
  12 orcs
  2 goblins (D:7)
  2 kobolds (D:8)
46 creatures vanquished.

Vanquished Creatures (others)
  5 hexers
  3 ancestors
  10 plants (D:10)
18 creatures vanquished.

Grand Total: 305 creatures vanquished

Notes
Turn   | Place    | Note
-------+----------+-------------------------------------------
     0 | D:1      | xSliceyx the Demonspawn Fighter began the quest for the
                  | Orb.
     0 | D:1      | Reached XP level 1. HP: 18/18 MP: 1/1
   273 | D:1      | Found a faded altar of an unknown god.
   718 | D:1      | Gained mutation: A weak demonic guardian rushes to your
                  | aid. [demonic ancestry]
   718 | D:1      | Reached XP level 2. HP: 24/24 MP: 2/2
  1041 | D:1      | Gained mutation: You have large cloven feet. [demonic
                  | ancestry]
  1041 | D:1      | Reached XP level 3. HP: 18/29 MP: 3/3
  1841 | D:2      | Gained mutation: You have a somewhat thin skeletal
                  | structure. (Dex +2, Stealth+) [demonic ancestry]
  1841 | D:2      | Reached XP level 4. HP: 35/35 MP: 4/4
  2299 | D:2      | Found a hazy altar of Hepliaklqana.
  2307 | D:2      | Became a worshipper of Hepliaklqana the Forgotten
  3130 | D:3      | Reached XP level 5. HP: 38/41 MP: 5/5
  3504 | D:4      | Identified the +7 rapier of the Brain {vorpal, rN++ rCorr
                  | MP+9 Stlth-}
  3620 | D:4      | Noticed Eustachio
  3653 | D:4      | Killed Eustachio
  3654 | D:4      | Reached skill level 5 in Armour
  3654 | D:4      | Gained mutation: You have hoof-like feet. [demonic
                  | ancestry]
  3654 | D:4      | Reached XP level 6. HP: 25/47 MP: 6/6
  4359 | D:5      | Entered Level 5 of the Dungeon
  4359 | D:5      | Reached * piety under Hepliaklqana
  4367 | D:5      | Found a staircase to the Ecumenical Temple.
  4374 | D:5      | Reached XP level 7. HP: 41/46 MP: 7/7
  4536 | D:5      | Noticed Grinder
  4573 | D:5      | Paralysed by Grinder for 3 turns
  4577 | D:5      | Killed Grinder
  4986 | D:5      | Found Pugoirok's Antique Armour Emporium.
  5099 | D:5      | Found an opulent altar of Gozag.
  5220 | D:5      | Reached XP level 8. HP: 50/52 MP: 8/8
  5346 | D:6      | Noticed a two-headed ogre
  5377 | D:6      | Killed a two-headed ogre
  5378 | D:6      | Reached skill level 5 in Long Blades
  5378 | D:6      | Reached skill level 6 in Fighting
  5604 | D:6      | Gained mutation: A meltable shield of frost defends you.
                  | (SH +4) [demonic ancestry]
  5604 | D:6      | Reached XP level 9. HP: 63/63 MP: 9/9
  5666 | D:6      | Found a burning altar of Makhleb.
  5666 | D:6      | Found an ancient bone altar of Kikubaaqudgha.
  5673 | D:6      | Found a sparkling altar of Nemelex Xobeh.
  5675 | D:6      | Found a hide-covered altar of Uskayaw.
  5680 | D:6      | Found a bloodstained altar of Trog.
  5850 | D:6      | Found a hazy altar of Hepliaklqana.
  5900 | D:6      | Reached skill level 7 in Fighting
  6376 | D:6      | Reached ** piety under Hepliaklqana
  6377 | D:6      | Remembered your ancestor Clair as a hexer
  6743 | D:7      | Found a flagged portal.
  6752 | D:7      | Reached skill level 8 in Fighting
  6777 | Bailey   | Entered a bailey
  7022 | Bailey   | Reached skill level 9 in Fighting
  7407 | Bailey   | Reached skill level 10 in Fighting
  7839 | Bailey   | Reached XP level 10. HP: 62/77 MP: 7/10
  7855 | Bailey   | Reached skill level 11 in Fighting
  9411 | D:8      | Reached skill level 12 in Fighting
  9529 | D:8      | Found Jeupuso's Magic Scroll Shoppe.
  9602 | D:8      | Found Uklemyn's General Store.
  9612 | D:8      | Bought a scroll of fog for 30 gold pieces
  9612 | D:8      | Bought a potion of cancellation for 120 gold pieces
  9631 | D:8      | Found Pak Qota's Assorted Antiques.
  9651 | D:8      | Bought a scroll of magic mapping for 84 gold pieces
  9710 | D:8      | Found Rued's Weapon Shop.
  9835 | D:8      | Reached skill level 13 in Fighting
 10027 | D:8      | Found Wavvy's Antique Weapon Boutique.
 10402 | D:8      | Reached *** piety under Hepliaklqana
 11006 | D:9      | Got Hoor's Incunabulum of Hurtful Poisoning
 11392 | D:9      | Found a staircase to the Orcish Mines.
 11813 | D:9      | Gained mutation: You have a moderately thin skeletal
                  | structure. (Dex +4, Stealth++) [demonic ancestry]
 11813 | D:9      | Reached XP level 11. HP: 71/89 MP: 11/11
 12067 | D:9      | Found a blossoming altar of Fedhas.
 12067 | D:9      | Found a shadowy altar of Dithmenos.
 12067 | D:9      | Found a sacrificial altar of Ru.
 12288 | D:5      | Bought a glowing orb for 300 gold pieces
 12528 | D:10     | Entered Level 10 of the Dungeon
 12649 | D:10     | Reached skill level 14 in Fighting
 12997 | D:10     | Noticed Snorg
 13109 | D:10     | Found a staircase to the Lair.
 13204 | D:10     | HP: 4/90 [Snorg (9)]
 13205 | D:10     | Slain by Snorg

Illustrated notes

Levels and vault maps discovered:
D:1:      lemuel_arrival_hallway, layout_basic,
          shapermc_ecumenical_altar_acropolis
D:2:      layout_basic, basic_altar, nrook_campfire, minmay_surrounded
D:3:      layout_rooms
D:4:      layout_rooms, uniq_eustachio
D:5:      layout_rooms, grunt_temple_overflow_gold_and_silver,
          minmay_temple_entry_proselytizer, kennysheep_windowed_goal,
          uniq_grinder
D:6:      layout_loops_corners, chequers_temple_overflow_minitemple,
          worldfamousw_hep_ancestral_shrine
D:7:      layout_cave_pools, enter_bailey_3, item_on_display_a
D:8:      layout_basic, serial_shops, nicolae_shop_advertising_works
          [nicolae_subvault_shop_adworks], nicolae_shop_bloodbath_and_beyond,
          nicolae_shop_waterfront, nicolae_inconvenience_store, shop_fountains,
          wad_rectangle_vault
D:9:      layout_basic, gammafunk_temple_overflow_claw, david_orc_5
D:10:     layout_small_grid, lair_entry_dummy, serial_bayou,
          serial_bayou_pond_a, serial_bayou_lagoon_b, serial_bayou_lagoon_a,
          serial_bayou_pond_e, uniq_snorg

Skill      XL: |  1  2  3  4  5  6  7  8  9 10 11 |
---------------+----------------------------------+-----
Armour         | 3 4 5 7 8 |  8.0
Shields        | 3 4 |  4.0
Long Blades    | 3 5 |  5.0
Fighting       | 6 10 13 14 | 14.4

Action                   |  1- 3 |  4- 6 |  7- 9 | 10-12 || total
-------------------------+-------+-------+-------+-------++-------
Melee: Long sword        |    21 |       |       |       ||    21
       Short sword       |    73 |    79 |       |       ||   152
       Kick              |     6 |    31 |    61 |    76 ||   174
       Rapier            |       |    54 |   178 |   218 ||   450
       Spear             |       |       |     9 |     9 ||    18
Throw: Dart              |       |     1 |    20 |     4 ||    25
Invok: Recall Ancestor   |       |       |     1 |       ||     1
       Ancestor Life: He |       |       |     1 |       ||     1
       Ancestor Identity |       |       |     1 |       ||     1
  Use: Potion            |       |     1 |       |     1 ||     2
       Scroll            |       |       |     9 |     1 ||    10
 Stab: Distracted        |       |       |     3 |     1 ||     4
       Confused          |       |       |     1 |     1 ||     2
Armor: Scale mail        |    31 |    60 |    12 |       ||   103
       Chain mail        |       |       |    84 |    95 ||   179
Dodge: Dodged            |    26 |    43 |    70 |    67 ||   206
Block: Buckler           |    10 |    24 |    76 |   107 ||   217
